 Dungeon Crawl Stone Soup version 0.30.1-9-gdf580d7c3d (webtiles) character file.

Game seed: 10777934024386579439

49 adizb the Caller (level 3, -17/35 HPs)
             Began as an Ogre Summoner on Oct 24, 2023.
             Demolished by an ogre
             ... wielding a +0 giant spiked club
              (36 damage)
             ... on level 4 of the Dungeon.
             The game lasted 00:17:21 (1955 turns).

adizb the Caller (Ogre Summoner)                    Turns: 1955, Time: 00:17:22

Health: -17/35     AC:  3    Str: 14    XL:     3   Next: 77%
Magic:  2/7        EV: 10    Int: 16    God:
Gold:   78         SH:  0    Dex:  9    Spells: 2/8 levels left

rFire   . . .        p - +0 war axe
rCold   . . .        (no shield)
rNeg    . . .        a - +0 robe
rPois   .            (helmet restricted)
rElec   .            (no cloak)
rCorr   .            (gloves unavailable)
SInv    .            (boots unavailable)
Will    .....        (no amulet)
Stlth   +            (no ring)
HPRegen 0.25/turn    (no ring)
MPRegen 0.10/turn

%: no passive effects
@: no status effects
A: large, unfitting armour, tough skin 1
a: no special abilities


You were on level 4 of the Dungeon.
You visited 1 branch of the dungeon, and saw 4 of its levels.

You collected 116 gold pieces.
You spent 38 gold pieces at shops.

Inventory:

Hand Weapons
 c - a +0 sling
 p - a +0 war axe (weapon)
Missiles
 e - 5 curare-tipped darts
 o - 2 boomerangs
Armour
 a - a +0 robe (worn)
Wands
 q - a wand of flame (17)
Scrolls
 d - a scroll of fog {unknown}
 f - a scroll of teleportation {unknown}
 h - 2 scrolls of brand weapon {unknown}
 i - a scroll of enchant weapon
 j - 2 scrolls of poison
 l - a scroll of blinking {unknown}
 m - a scroll of fear {unknown}
Potions
 b - a potion of magic
 g - 2 potions of brilliance {unknown}
 k - a potion of ambrosia {unknown}
 n - 2 potions of curing {unknown}


   Skills:
 + Level 1.8 Fighting
 * Level 0.2(0.3) Axes
 - Level 0.1(0.2) Maces & Flails
 + Level 0.0 Armour
 + Level 2.3 Dodging
 - Level 1.4 Stealth
 + Level 3.1 Spellcasting
 + Level 3.9 Summonings
 + Level 0.0 Evocations


You had 2 spell levels left.
You knew the following spells:

 Your Spells              Type           Power      Damage    Failure   Level
a - Summon Small Mammal   Summ           60%        N/A       3%          1
b - Call Imp              Summ           30%        N/A       5%          2
c - Call Canine Familiar  Summ           15%        N/A       11%         3

Your spell library contained the following spells:

 Spells                   Type           Power      Damage    Failure   Level
 Summon Guardian Golem    Hex/Summ       8%         N/A       26%         3
 Summon Lightning Spire   Summ/Air       8%         N/A       63%         4


Dungeon Overview and Level Annotations

Branches:
Dungeon (4/15)
 Temple: D:4-7

Altars:

Shops:
D:3 ::[((


Innate Abilities, Weirdness & Mutations

You are too large for most types of armour.
You have tough skin. (AC +1)


Message History

There is a stone staircase leading up here.
There is a stone staircase leading up here.
Found 5 poisoned darts.
Found 8 stones.
Found a stone staircase leading up.
Found 5 stones and a large rock.
An ogre comes into view. It is wielding a +0 giant spiked club.
Found 12 stones.
The ogre shouts!
You hear a shout!
The ogre moves out of view.
Casting: Call Imp (safe; 5% risk of failure)
Confirm with . or Enter, or press ? or * to list all spells.
A tiny devil pulls itself out of the air.
Casting: Call Imp (safe; 5% risk of failure)
Confirm with . or Enter, or press ? or * to list all spells.
The spell is quite dangerous to miscast (11% risk of failure)!
Continue anyway?
Your hound closely misses the ogre.
Your cerulean imp hits the ogre with a -3 spear.
Your hound bites the ogre.
The ogre hits your hound with a +0 giant spiked club!!
Your hound dies!
Your hound's corpse disappears in a puff of smoke!
Your cerulean imp hits the ogre with a -3 spear.
The ogre barely misses you.
You barely miss the ogre.
The ogre is heavily wounded.
Your cerulean imp hits the ogre but does no damage.
An iguana comes into view.
Your cerulean imp hits the ogre with a -3 spear.
The ogre hits you with a +0 giant spiked club!
The iguana moves out of view.
Your cerulean imp closely misses the ogre.
Your cerulean imp hits the ogre with a -3 spear.
Your cerulean imp barely misses the ogre.
Your cerulean imp barely misses the ogre.
Casting: Summon Small Mammal (safe; 3% risk of failure)
Press: ? - help, Q - select action, (/) - cycle Dir - look around, f - activate The ogre attacks as you move away!
The ogre hits you with a +0 giant spiked club!!!
Ouch! That really hurt!
You die...

#..........##.....#
#..........##.....#
#.....##.#.##.....#
#........#[.......#
#......#..........+
#.........<#......#
#.....>.)....######
#..........b..###
#.....#######@..##
#.....# ##O..#
#.....# #...#
#.....# ##5..#####
#.....# #..(......
####### #.........
#.............
.(....##........
.8(#.. ####.....


You could see an ogre (ally target), a friendly cerulean imp (summoned) and a
friendly bat (summoned).

Vanquished Creatures
  A dart slug (D:1)
  An orc (D:3)
  2 bats
  4 endoplasms
  3 goblins
  7 kobolds
  2 ball pythons (D:1)
  3 rats
23 creatures vanquished.

Vanquished Creatures (collateral kills)
  A worm (D:3)
  A dart slug (D:1)
  3 endoplasms (D:1)
  A giant cockroach (D:1)
  A hobgoblin (D:1)
  A ball python (D:3)
  2 frilled lizards (D:3)
  A goblin (D:3)
  4 kobolds
  A rat (D:1)
16 creatures vanquished.

Grand Total: 39 creatures vanquished

Notes
Turn   | Place    | Note
-------+----------+-------------------------------------------
     0 | D:1      | adizb the Ogre Summoner began the quest for the Orb.
     0 | D:1      | Reached XP level 1. HP: 16/16 MP: 3/3
   198 | D:1      | Reached XP level 2. HP: 26/26 MP: 5/5
   269 | D:1      | Reached skill level 1 in Fighting
   343 | D:1      | Learned a level 2 spell: Call Imp
   700 | D:1      | Reached XP level 3. HP: 33/33 MP: 5/7
  1251 | D:2      | You fall into a shaft and drop 2 floors!
  1427 | D:3      | Found Wec Xaff's Antique Armour Shop.
  1434 | D:3      | Found Lil Kyh's Weapon Boutique.
  1456 | D:3      | Bought a +0 war axe for 38 gold pieces
  1639 | D:3      | Found Hoaseusi's Weapon Boutique.
  1675 | D:3      | Learned a level 3 spell: Call Canine Familiar
  1754 | D:3      | Found Neistrarch's Book Boutique.
  1827 | D:3      | Found Niabrer's Book Shoppe.
  1940 | D:4      | Noticed an ogre
  1955 | D:4      | Demolished by an ogre

Illustrated notes

Levels and vault maps discovered:
D:1:      minmay_arrival_split_and_join, layout_basic, serial_forest,
          infiniplex_forest_end_2, infiniplex_forest_straight_3,
          infiniplex_forest_join, infiniplex_forest_lined_corner,
          infiniplex_forest_clump_curved, infiniplex_forest_clump_double,
          infiniplex_forest_clump_small, infiniplex_forest_end_1
D:2:      layout_loops_ring, shapermc_ecumenical_altar_notcrosses
D:3:      layout_basic, serial_shops, shop, shop, nicolae_shop_back_alley_shop,
          shop, nicolae_shop_real_fake_doors
D:4:      layout_basic, dilly_guarded_unrand_devastator

Skill      XL: |  1  2  3 |
---------------+----------+-----
Dodging        | 2 |  2.3
Fighting       | 1 |  1.8
Spellcasting   | 3 |  3.1
Axes           | |  0.2
Maces & Flails | |  0.1
Stealth        | |  1.4
Summonings     | |  3.9

Action                     || total
---------------------------++-------
  Melee: Whip              ||    17
         Punch             ||     1
         Mace              ||    91
         War axe           ||    10
   Fire: Sling             ||    39
   Cast: Summon Small Mamm ||     6
         Call Imp          ||    13
         Call Canine Famil ||     2
    Use: Scroll            ||     2
   Stab: Distracted        ||     1
 Armour: Robe              ||    22
  Dodge: Dodged            ||    36
